Map: Dusk Towers

Players

fOru - Winner!

  • Race: Terran Terran
  • League: Diamond

ReacH

  • Race: Protoss Protoss
  • League: Platinum

VOD

Have the link to the VOD?

Description

Time

  • Played on: Feb. 24, 2016, 4:47 p.m.
  • Length: 17:08
Show
View Real Time Build Order
Export as new Build Order

fOru Terran - Winner!

Build Orders: MMM Bio 

Get SALT Encoding   

  12  0:01  SCV  
  13  0:13  SCV  
  14  0:17  Supply Depot  
  14  0:19  Supply Depot  
  14  0:29  SCV  
  15  0:41  SCV  
  16  0:43  Barracks  
  16  0:46  Refinery  
  16  0:53  SCV  
  17  1:05  SCV  
  18  1:17  SCV  
  20  1:37  Reaper, Orbital Command  
  20  1:46  Command Center  
  20  1:58  Supply Depot  
  20  2:05  SCV  
  21  2:12  Barracks  
  21  2:17  SCV  
  21  2:22  Barracks  
  22  2:29  SCV  
  23  2:32  Factory  
  23  2:35  Barracks Reactor  
  23  2:41  SCV  
  24  2:56  SCV  
  25  3:07  Orbital Command  
  25  3:08  SCV  
  25  3:09  Barracks Tech Lab  
  25  3:10  Barracks Tech Lab  
  25  3:15  Engineering Bay  
  25  3:16  Refinery  
  25  3:20  SCV  
  25  3:22  Starport  
  26  3:30  Marine x2  
  26  3:32  SCV  
  29  3:38  SCV  
  29  3:40  Marine x2  
  32  3:44  SCV, Factory Reactor  
  32  3:48  Marine x2  
  35  3:50  SCV  
  36  3:57  SCV  
  36  4:00  Marine  
  36  4:01  Marauder  
  36  4:02  SCV  
  41  4:05  Marine  
  41  4:06  Stimpack  
  41  4:09  SCV  
  43  4:14  SCV  
  43  4:16  Marine  
  45  4:18  Marine  
  45  4:21  Supply Depot  
  45  4:24  Supply Depot  
  46  4:42  Medivac  
  46  4:43  Marauder  
  46  4:44  Combat Shields, Command Center  
  50  4:48  SCV x2  
  52  5:00  SCV x2  
  52  5:05  Refinery x2  
  54  5:08  Supply Depot  
  54  5:11  Supply Depot x2  
  54  5:12  SCV x2  
  56  5:19  Marine x2, Marauder x2  
  62  5:30  SCV x2  
  64  5:36  Marine x2  
  64  5:40  Marauder  
  64  5:41  Marauder  
  64  5:42  SCV x2  
  72  5:45  Missile Turret  
  72  5:46  Missile Turret  
  72  5:47  Barracks  
  66  5:58  Missile Turret  
  60  6:07  Marine x2, Marauder  
  60  6:08  Marauder  
  61  6:25  Marine  
  60  6:29  Marauder  
  62  6:36  Viking  
  61  6:50  SCV x2  
  63  7:00  Marauder  
  65  7:01  Missile Turret  
  65  7:02  SCV x2  
  65  7:08  Marine x2, Marauder  
  70  7:14  SCV x2  
  72  7:26  SCV  
  72  7:27  SCV  
  72  7:29  Missile Turret  
  74  7:35  Orbital Command  
  74  7:38  SCV  
  74  7:39  Terran Infantry Armor Level 1, SCV  
  74  7:41  Medivac x2  
  80  7:51  Concussive Shells, Factory Reactor, SCV x2  
  82  7:57  Barracks  
  82  7:58  Barracks  
  82  8:01  Orbital Command  
  82  8:05  Missile Turret  
  82  8:06  Missile Turret, SCV x2  
  84  8:19  SCV x2  
  86  8:29  SCV  
  86  8:31  SCV x2  
  89  8:35  Marine  
  89  8:36  Marine  
  89  8:41  Marine, SCV  
  92  8:42  Marauder  
  92  8:43  SCV x2  
  92  8:44  Missile Turret  
  97  8:50  Supply Depot  
  97  8:54  Marine x2  
  98  8:56  Factory Reactor  
  98  8:59  Marauder  
  86  9:03  Marauder  
  77  9:14  Marine, Barracks Tech Lab  
  77  9:15  Marine x3  
  71  9:20  Medivac x2  
  71  9:21  SCV x2, Marauder  
  80  9:24  Marauder  
  80  9:25  Refinery x2  
  81  9:32  Marine x2  
  83  9:42  Marauder  
  83  9:43  Starport  
  85  9:46  Marauder  
  85  9:47  Marine x3  
  85  9:50  Medivac x2  
  94  9:53  Supply Depot  
  94  9:54  Supply Depot  
  94  9:58  Supply Depot x2  
  94  9:59  Factory Reactor  
  94  10:01  Terran Infantry Weapons Level 1  
  94  10:04  Marauder  
  96  10:07  Marauder  
  96  10:09  Marine x3, Marauder  
  102  10:25  Marine, Marauder  
  102  10:26  Missile Turret, Marine  
  102  10:27  Marine  
  107  10:28  Marauder  
  107  10:31  Marauder  
  107  10:33  Command Center  
  107  10:34  SCV x3  
  114  10:40  Liberator  
  114  10:43  Widow Mine x2  
  114  10:46  SCV, Marauder  
  121  10:50  Marine  
  121  10:51  Marine x2, Marauder  
  126  11:00  Liberator  
  129  11:07  Marine x2  
  129  11:08  Marauder  
  133  11:11  Widow Mine  
  133  11:12  Widow Mine, Marauder  
  141  11:28  Supply Depot x2, Liberator x2  
  141  11:30  Supply Depot  
  141  11:33  Liberator  
  141  11:36  Engineering Bay  
  141  11:37  Armory  
  141  11:44  Widow Mine x2  
  141  11:45  Marine x3, Marauder  
  156  11:50  Marine, Marauder x2  
  163  12:01  Barracks x2  
  163  12:02  Marine  
  163  12:04  Barracks  
  163  12:05  Liberator  
  163  12:07  Marauder  
  166  12:10  Liberator  
  154  12:26  Marine x4  
  154  12:27  Marauder x2  
  154  12:28  Marauder  
  167  12:31  Widow Mine x2  
  171  12:38  Medivac x2  
  171  12:43  Terran Infantry Weapons Level 2  
  175  12:47  Liberator  
  175  12:50  Liberator  
  175  12:51  Liberator  
  180  13:19  Terran Infantry Armor Level 2, Marine x2, Widow Mine x2, Marauder x2  
  190  13:23  Terran Ship Weapons Level 1  
  179  13:47  Liberator  
  179  13:48  Liberator  
  160  13:52  Barracks Tech Lab, Marine x3, Marauder x2  
  160  13:53  Marine, Barracks Reactor, Barracks Tech Lab  
  160  13:54  Marauder  
  152  14:10  Marine  
  152  14:11  Planetary Fortress  
  152  14:14  Marauder x2  
  151  14:28  Marine x3  
  151  14:29  Marine x2, Marauder x3  
  143  14:41  Marine  
  143  14:42  Marine, Marauder  
  143  14:44  Liberator  
  147  14:46  Marine  
  147  14:50  Marauder x2  
  143  14:54  Widow Mine x2  
  143  14:55  Medivac x2  
  149  15:04  Marine x2, Liberator, Marauder  
  154  15:08  Liberator x2  
  150  15:22  Marine x2, Widow Mine  
  150  15:23  Widow Mine  
  162  15:38  Marine x3  
  162  15:39  Marauder x2  
  169  15:49  SCV x3  
  172  15:51  Widow Mine  
  174  16:01  SCV x2  
  174  16:02  SCV  
  172  16:17  Medivac x4  
  176  16:24  Marine x6, Marauder x3  
  176  16:25  Marauder x2  
  191  16:43  Command Center  
  191  16:45  Marauder  
  193  16:51  Command Center  
Show
View Real Time Build Order
Export as new Build Order

ReacH Protoss 

Build Orders: 1 Gate Expand, Zealot Archon, Dark Templar Rush 

Get SALT Encoding   

  12  0:02  Probe (Chrono Boost)  
  13  0:12  Probe (Chrono Boost)  
  14  0:19  Pylon  
  14  0:23  Probe (Chrono Boost)  
  15  0:37  Probe (Chrono Boost)  
  15  0:38  Gateway  
  16  0:50  Probe (Chrono Boost)  
  16  0:51  Assimilator  
  17  1:01  Probe (Chrono Boost)  
  18  1:11  Probe (Chrono Boost)  
  19  1:22  Probe (Chrono Boost)  
  20  1:29  Nexus  
  21  1:32  Probe (Chrono Boost)  
  21  1:38  Cybernetics Core  
  21  1:43  Probe (Chrono Boost)  
  22  1:48  Assimilator  
  23  2:00  Pylon  
  22  2:01  Probe (Chrono Boost)  
  23  2:15  Warp Gate  
  23  2:18  Stalker (Chrono Boost), Probe  
  26  2:30  Gateway, Probe (Chrono Boost)  
  26  2:35  Gateway  
  27  2:42  Probe x2 (Chrono Boost)  
  28  2:52  Probe (Chrono Boost)  
  28  2:53  Probe (Chrono Boost)  
  29  3:03  Probe x2 (Chrono Boost)  
  30  3:12  Twilight Council  
  30  3:13  Probe (Chrono Boost)  
  30  3:17  Probe (Chrono Boost)  
  32  3:24  Probe (Chrono Boost)  
  33  3:30  Robotics Facility  
  33  3:31  Probe (Chrono Boost)  
  34  3:36  Probe (Chrono Boost)  
  34  3:41  Stalker  
  37  3:47  Probe x2 (Chrono Boost)  
  41  3:52  Pylon  
  41  3:59  Dark Shrine  
  41  4:00  Probe (Chrono Boost)  
  40  4:03  Probe (Chrono Boost)  
  41  4:10  Probe (Chrono Boost)  
  43  4:19  Nexus  
  43  4:22  Pylon  
  44  4:25  Warp Prism (Chrono Boost)  
  44  4:26  Probe  
  44  4:28  Probe  
  46  4:33  Assimilator  
  46  4:35  Assimilator  
  46  4:36  Pylon  
  46  4:42  Pylon  
  46  4:46  Pylon, Probe  
  46  4:47  Probe  
  48  4:56  Blink (Chrono Boost)  
  48  5:00  Probe  
  48  5:01  Probe  
  50  5:10  Probe  
  50  5:13  Forge  
  51  5:15  Probe  
  51  5:16  Forge  
  51  5:18  Dark Templar  
  51  5:19  Dark Templar  
  55  5:31  Dark Templar  
  55  5:32  Probe  
  55  5:33  Probe  
  59  5:42  Probe  
  59  5:44  Robotics Bay  
  59  5:45  Probe  
  61  5:51  Protoss Ground Weapons Level 1, Protoss Ground Armor Level 1  
  61  5:54  Probe  
  61  5:55  Dark Templar  
  62  5:57  Probe  
  62  6:04  Dark Templar  
  63  6:05  Probe  
  64  6:12  Probe  
  64  6:16  Dark Templar, Probe  
  68  6:24  Probe  
  67  6:26  Probe  
  67  6:32  Dark Templar  
  67  6:36  Probe  
  67  6:37  Nexus  
  63  6:40  Pylon x2  
  63  6:42  Stalker, Pylon  
  65  6:51  Probe  
  64  6:55  Dark Templar  
  66  7:02  Stalker  
  66  7:08  Dark Templar  
  65  7:15  Probe  
  65  7:18  Robotics Bay  
  65  7:19  Probe  
  64  7:31  Stalker x2  
  64  7:32  Probe  
  64  7:34  Assimilator, Probe  
  64  7:37  Gateway  
  70  7:38  Gateway, Assimilator  
  70  7:46  Dark Templar  
  70  7:48  Probe  
  70  7:50  Probe  
  73  7:54  Archon  
  73  7:58  Stalker, Sentry  
  78  8:00  Probe  
  79  8:05  Archon  
  79  8:08  Immortal  
  79  8:11  Photon Cannon  
  83  8:13  Photon Cannon  
  83  8:14  Protoss Ground Armor Level 2 (Chrono Boost)  
  83  8:21  Probe  
  84  8:27  Probe  
  84  8:29  Probe  
  86  8:36  Protoss Ground Weapons Level 2 (Chrono Boost)  
  86  8:38  Probe x2  
  88  8:45  Colossus  
  88  8:47  Robotics Facility  
  94  8:49  Stalker  
  94  8:50  Stalker  
  92  9:05  Zealot x3  
  96  9:11  Probe  
  96  9:12  Probe  
  96  9:13  Probe  
  99  9:20  Zealot x2  
  99  9:22  Charge  
  99  9:23  Probe  
  103  9:24  Probe  
  103  9:25  Probe  
  103  9:28  Nexus  
  103  9:30  Extended Thermal Lance (Chrono Boost)  
  106  9:36  Colossus (Chrono Boost)  
  112  9:44  Dark Templar, Probe  
  114  9:46  Probe  
  116  10:06  Mothership Core  
  114  10:12  Pylon  
  114  10:16  Pylon  
  114  10:17  Colossus (Chrono Boost)  
  116  10:22  Gateway  
  116  10:23  Assimilator  
  116  10:24  Gateway  
  116  10:26  Pylon  
  116  10:29  Colossus (Chrono Boost), Assimilator  
  122  10:37  Templar Archives  
  122  10:38  Dark Templar x2  
  122  10:40  Zealot x3  
  122  10:42  Archon  
  132  10:43  Protoss Ground Weapons Level 3 (Chrono Boost)  
  132  10:44  Pylon  
  132  11:00  Pylon  
  132  11:03  Colossus  
  138  11:05  Probe, Zealot x3  
  138  11:07  Probe x2  
  138  11:09  Psionic Storm  
  147  11:13  Pylon  
  147  11:22  Stalker, High Templar  
  151  11:30  Gateway  
  151  11:33  Gateway  
  151  11:36  Pylon  
  151  11:39  Pylon  
  151  11:42  High Templar x2  
  151  11:43  Zealot  
  151  11:44  Zealot x2  
  160  11:57  Zealot x2  
  158  12:14  Nexus  
  136  12:17  Zealot x6  
  142  12:25  High Templar  
  144  12:31  Gateway  
  144  12:33  Pylon, Gateway  
  144  12:35  Pylon  
  144  12:36  Pylon  
  144  12:37  High Templar  
  144  12:38  High Templar x2  
  144  12:40  Stalker x2  
  144  12:41  Stalker x2  
  147  13:03  Probe x2  
  147  13:04  Assimilator, Probe x2  
  151  13:09  Assimilator  
  151  13:12  High Templar x2  
  153  13:13  High Templar x6, Probe  
  153  13:17  Archon x2  
  153  13:18  Archon  
  166  13:20  High Templar  
  168  13:27  Archon x2  
  160  13:40  Stargate  
  160  13:47  Stalker x2  
  160  13:48  Stalker x4  
  134  14:02  Stalker x3  
  130  14:11  Stalker x6  
  109  14:37  Stalker x9  
  91  14:54  Colossus (Chrono Boost)  
  90  15:01  Zealot x2  
  90  15:02  Zealot  
  90  15:03  Stalker x2  
  97  15:20  Colossus (Chrono Boost)  
  95  15:35  Stalker x2  
  96  15:36  Stalker x2  
  102  15:46  Stalker x2  
  102  16:20  Nexus  
  102  16:26  Stalker x5  
  108  16:41  High Templar x2  
  108  16:44  Zealot x2  
Tags
 
Add a new tag
Caveats
  • Supply blocks, unpowered buildings, or Contaminate may cause inaccurate times.
  • Supply counts are checked every 10 seconds.